 Dungeon Crawl Stone Soup version 0.29.1 (webtiles) character file.

Game seed: 968933059930525210

110 Ashen the Chiller (level 4, 29/32 HPs)
             Began as a Demonspawn Ice Elementalist on Sept 14, 2022.
             Got out of the dungeon alive.
             The game lasted 00:03:06 (2390 turns).

Ashen the Chiller (Demonspawn Ice Elementalist)     Turns: 2390, Time: 00:03:07

Health: 29/32      AC:  2    Str:  9    XL:     4   Next: 61%
Magic:  8/8        EV: 12    Int: 18    God:
Gold:   145        SH:  0    Dex: 13    Spells: 7/8 levels left

rFire   . . .      SeeInvis .   (no weapon)
rCold   . . .      Faith    .   (no shield)
rNeg    . . .      Spirit   .   a - +0 robe
rPois   .          Reflect  .   (no helmet)
rElec   .          Harm     .   (no cloak)
rCorr   .          Rampage  .   (no gloves)
Will    .....                   (no boots)
Stlth   ++........              (no amulet)
HPRegen 0.10/turn               (no ring)
MPRegen 0.22/turn               (no ring)

@: no status effects
A: hooves 1, magic regeneration
a: no special abilities


You escaped.
You visited 1 branch of the dungeon, and saw 3 of its levels.

You collected 145 gold pieces.

Inventory:

Armour
 a - a +0 robe (worn)
Jewellery
 i - a +6 ring of strength
 j - a ring of flight
Scrolls
 e - a scroll of teleportation {unknown}
 g - a scroll of immolation {unknown}
 h - a scroll of identify {unknown}
Potions
 b - a potion of magic
 c - 3 potions of attraction {unknown}
 d - a potion of experience {unknown}
 f - a potion of mutation {unknown}


   Skills:
 + Level 1.6 Fighting
 + Level 2.5 Dodging
 + Level 2.6 Stealth
 + Level 2.6 Spellcasting
 + Level 4.0 Ice Magic


You had 7 spell levels left.
You knew the following spells:

 Your Spells              Type           Power      Damage    Failure   Level
a - Freeze                Ice            68%        1d8       3%          1

Your spell library contained the following spells:

 Spells                   Type           Power      Damage    Failure   Level
 Frozen Ramparts          Ice            34%        1d6       10%         3
 Ozocubu's Armour         Ice            17%        N/A       10%         3
 Ensorcelled Hibernation  Hex/Ice        18%        N/A       11%         2
 Magic Dart               Conj           8%         1d3       17%         1
 Passwall                 Tmut/Erth      1%         N/A       26%         2
 Scorch                   Fire           4%         2d5       26%         2
 Searing Ray              Conj           4%         2d4       26%         2
 Swiftness                Air            2%         N/A       45%         3
 Hailstorm                Conj/Ice       9%         3d4       58%         4
 Flame Wave               Conj/Fire      2%         2d4       86%         4
 Fulminant Prism          Conj/Hex       1%         3d6       86%         4
 Summon Cactus Giant      Summ           1%         N/A       100%        6


Dungeon Overview and Level Annotations

Branches:
Dungeon (3/15)

Altars:


Innate Abilities, Weirdness & Mutations

You have large cloven feet.
You regenerate magic rapidly.


Message History

The scorpion is lightly wounded.
The scorpion stings you.
Casting: Freeze (safe; 3% risk of failure)
Confirm with . or Enter, or press ? or * to list all spells.
Aiming: Freeze (safe; 3% risk of failure)
Press: ? - help, Shift-Dir - straight line, f/p - scorpion
Aim: a scorpion (lightly wounded)
You freeze the scorpion.
The scorpion is moderately wounded.
The scorpion stings you but does no damage.
Casting: Freeze (safe; 3% risk of failure)
Confirm with . or Enter, or press ? or * to list all spells.
Aiming: Freeze (safe; 3% risk of failure)
Press: ? - help, Shift-Dir - straight line, f/p - scorpion
Aim: a scorpion (moderately wounded)
You freeze the scorpion!
The scorpion is severely wounded.
The scorpion stings you. The scorpion closely misses you.
The scorpion closely misses you.
Casting: Freeze (safe; 3% risk of failure)
Confirm with . or Enter, or press ? or * to list all spells.
Aiming: Freeze (safe; 3% risk of failure)
Press: ? - help, Shift-Dir - straight line, f/p - scorpion
Aim: a scorpion (severely wounded)
You freeze the scorpion.
You kill the scorpion!
Your Ice Magic skill increases to level 4!
You have reached level 4!
You feel stronger.
Your demonic ancestry asserts itself...
Your magic begins to regenerate rapidly.
There is an escape hatch in the ceiling here.
A mysterious force pulls you upwards. The hatch slams shut behind you.
There is a stone staircase leading up here.
You climb upwards.
There is a stone staircase leading down here.
Magic restored.
There is a staircase leading out of the dungeon here.
Are you sure you want to leave the Dungeon?
This will make you lose the game!
You have escaped!

#######.........#............#
......#..#......#......#.....#
#####.....#.....#.....#......####
#####......#....#....#...........
............#...#...#............
.#####.......#.....#.............
..............#...#...........###
...............................#
.......######...@...######.)..^#
...............................#
..............#)..#........†..##
..........)..#.....#..........##
............#...#...#..........#
...........#....#....#.........#
..>.......#.....#.....#........#
......#..#......#......#......##
#######.........#............##


There were no monsters in sight!

Vanquished Creatures
  A scorpion (D:3)
  2 adders
  3 dart slugs
  2 bats
  6 endoplasms
  3 giant cockroaches
  A goblin (D:2)
  3 hobgoblins
  2 ball pythons (D:1)
  3 kobolds
  3 rats
29 creatures vanquished.

Notes
Turn   | Place    | Note
-------+----------+-------------------------------------------
     0 | D:1      | Ashen the Demonspawn Ice Elementalist began the quest for
                  | the Orb.
     0 | D:1      | Reached XP level 1. HP: 13/13 MP: 3/3
   292 | D:1      | Gained mutation: You have large cloven feet. [demonic
                  | ancestry]
   292 | D:1      | Reached XP level 2. HP: 9/20 MP: 1/5
  1134 | D:2      | Reached XP level 3. HP: 7/25 MP: 0/6
  1336 | D:2      | Reached skill level 1 in Fighting
  2330 | D:3      | Noticed a scorpion
  2344 | D:3      | Killed a scorpion
  2345 | D:3      | Reached skill level 4 in Ice Magic
  2345 | D:3      | Gained mutation: You regenerate magic rapidly. [demonic
                  | ancestry]
  2345 | D:3      | Reached XP level 4. HP: 25/32 MP: 0/8
  2390 | D:$      | Got out of the dungeon alive.

Illustrated notes

Levels and vault maps discovered:
D:1:      minmay_arrival_radiant_lines, layout_rooms,
          chequers_serial_rivers_small_b
D:2:      layout_basic
D:3:      layout_basic, mrwooster_statue_mirror, uniq_robin

Skill      XL: |  1  2  3 |
---------------+----------+-----
Stealth        | 2 |  2.6
Dodging        | 2 |  2.5
Fighting       | 1 |  1.6
Ice Magic      | 4 |  4.0
Spellcasting   | |  2.6

Action                   |  1- 3 |  4- 6 || total
-------------------------+-------+-------++-------
Melee: Unarmed           |    24 |       ||    24
       Kick              |     4 |       ||     4
 Cast: Freeze            |    53 |       ||    53
Armor: Robe              |    17 |       ||    17
Dodge: Dodged            |    36 |       ||    36
